TOP OF THE 1ST |
Chicago (NYP) White Sox batting - Pitching for Connecticut Tigers : RHP Chris Wilkerson
|
Pitching: RHP Chris Wilkerson
|
|
Batting: SHB Tomas Caldera
|
0-0: Called Strike 0-1: Called Strike 0-2: Ball 1-2: Ball 2-2: Ball 3-2: Base on Balls
|
Batting: RHB Bastiaan Leenders
|
0-0: Ball 1-0: Ball Tomas Caldera is caught stealing 2nd base 2-4 2-0: Ball 3-0: Called Strike 3-1: Base on Balls
|
Batting: SHB Veit Geisler
|
0-0: Called Strike 0-1: Foul Ball, location: 2F 0-2: Foul Ball, location: 2F 0-2: Ball 1-2: Foul Ball, location: 2F 1-2: Ball 2-2: Ball 3-2: Strikes out swinging
|
Batting: RHB Tony Garcia
|
0-0: Ball 1-0: Called Strike 1-1: Ball Wild Pitch! Bastiaan Leenders to second 2-1: Foul Ball, location: 2F 2-2: Ball Wild Pitch! Bastiaan Leenders to third 3-2: Hit by Pitch
|
Batting: RHB Tyrell Camp
|
0-0: Called Strike 0-1: Ball 1-1: Called Strike 1-2: Foul Ball, location: 2F 1-2: Strikes out looking
|
Top of the 1st over - 0 runs, 0 hits, 0 errors, 2 left on base; Chicago (NYP) 0 - Connecticut 0 |
BOTTOM OF THE 1ST |
Connecticut Tigers batting - Pitching for Chicago (NYP) White Sox : LHP Dan Clausing
|
Pitching: LHP Dan Clausing
|
|
Batting: RHB Janne Vihko
|
0-0: Ball 1-0: Ball 2-0: Called Strike 2-1: SINGLE (Groundball, 34D, EV 100.0 MPH)
|
Batting: LHB Antonio Luis
|
0-0: DOUBLE (Line Drive, 9LD, EV 105.0 MPH) Janne Vihko to third Runner from 3rd tries for Home, SAFE, no throw by RF
|
Batting: RHB Jaden Warrior
|
0-0: Ball 1-0: Called Strike 1-1: Foul Ball, location: 2F 1-2: Strikes out looking
|
Batting: RHB Zack DiCicco
|
0-0: Called Strike 0-1: Ball 1-1: Ball 2-1: Foul Ball, location: 2F 2-2: Ball 3-2: Fly out, F7 (Line Drive, 7, EV 92.5 MPH)
|
Batting: RHB Juan Acero
|
0-0: Called Strike 0-1: Foul Ball, location: 2F 0-2: Strikes out swinging
|
Bottom of the 1st over - 1 run, 2 hits, 0 errors, 1 left on base; Chicago (NYP) 0 - Connecticut 1 |
TOP OF THE 2ND |
Chicago (NYP) White Sox batting - Pitching for Connecticut Tigers : RHP Chris Wilkerson
|
Batting: SHB Andres Agudo
|
0-0: Called Strike 0-1: Called Strike 0-2: Hit by Pitch
|
Batting: RHB Yorkis Saiki
|
0-0: Called Strike 0-1: Ball 1-1: Swinging Strike 1-2: Ball 2-2: Ball 3-2: Foul Ball, location: 2F 3-2: Grounds into double play, 2-4-3 (Groundball, 15S, EV 70.6 MPH)
|
Batting: RHB Kunimatsu Oya
|
0-0: Ball 1-0: Called Strike 1-1: Swinging Strike 1-2: Ball 2-2: Ball 3-2: Foul Ball, location: 2F 3-2: Base on Balls
|
Batting: SHB Noah Long
|
0-0: Ball 1-0: Called Strike 1-1: Ball 2-1: Called Strike 2-2: Foul Ball, location: 2F 2-2: Ground out 1-3 (Groundball, 13S, EV 67.5 MPH)
|
Top of the 2nd over - 0 runs, 0 hits, 0 errors, 1 left on base; Chicago (NYP) 0 - Connecticut 1 |
BOTTOM OF THE 2ND |
Connecticut Tigers batting - Pitching for Chicago (NYP) White Sox : LHP Dan Clausing
|
Batting: RHB Jordan Hall
|
0-0: Foul Ball, location: 2F 0-1: Ball 1-1: Foul Ball, location: 2F 1-2: Fly out, F8 (Flyball, 8RD, EV 96.9 MPH)
|
Batting: RHB Yankel Pensak
|
0-0: Called Strike 0-1: Swinging Strike 0-2: DOUBLE (Flyball, 78XD, EV 114.4 MPH)
|
Batting: RHB Kaleb Yerger
|
0-0: Ball 1-0: Called Strike 1-1: Ball 2-1: Foul Ball, location: 2F 2-2: Ground out 6-3 (Groundball, 6S, EV 77.5 MPH) Yankel Pensak to third
|
Batting: SHB Ian Arlotta
|
0-0: Ball 1-0: Ball 2-0: Ball 3-0: Called Strike 3-1: Foul Ball, location: 2F 3-2: SINGLE (Groundball, 6MS, EV 79.4 MPH) (infield hit) Yankel Pensak scores
|
Batting: RHB Janne Vihko
|
0-0: Called Strike 0-1: Ball 1-1: Ball 2-1: Foul Ball, location: 2F 2-2: Ball 3-2: Strikes out swinging
|
Bottom of the 2nd over - 1 run, 2 hits, 0 errors, 1 left on base; Chicago (NYP) 0 - Connecticut 2 |
TOP OF THE 3RD |
Chicago (NYP) White Sox batting - Pitching for Connecticut Tigers : RHP Chris Wilkerson
|
Batting: SHB Tomas Caldera
|
0-0: Called Strike 0-1: Ball 1-1: Ball 2-1: Fly out, F7 (Flyball, 7, EV 90.0 MPH)
|
Batting: RHB Bastiaan Leenders
|
0-0: Ball 1-0: Ball 2-0: Foul Ball, location: 2F 2-1: Swinging Strike 2-2: Ball 3-2: Foul Ball, location: 2F 3-2: Strikes out swinging
|
Batting: SHB Veit Geisler
|
0-0: Called Strike 0-1: Ball 1-1: Swinging Strike 1-2: Strikes out looking
|
Top of the 3rd over - 0 runs, 0 hits, 0 errors, 0 left on base; Chicago (NYP) 0 - Connecticut 2 |
BOTTOM OF THE 3RD |
Connecticut Tigers batting - Pitching for Chicago (NYP) White Sox : LHP Dan Clausing
|
Batting: LHB Antonio Luis
|
0-0: Ball 1-0: SINGLE (Groundball, 4D, EV 98.8 MPH)
|
Batting: RHB Jaden Warrior
|
0-0: Ball 1-0: Foul Ball, location: 2F 1-1: Grounds into double play, 5-4-3 (Groundball, 56, EV 106.2 MPH)
|
Batting: RHB Zack DiCicco
|
0-0: Ball 1-0: SINGLE (Line Drive, 34, EV 98.8 MPH)
|
Batting: RHB Juan Acero
|
0-0: Ball 1-0: Ground out 3-1 (Groundball, 34S, EV 92.5 MPH)
|
Bottom of the 3rd over - 0 runs, 2 hits, 0 errors, 1 left on base; Chicago (NYP) 0 - Connecticut 2 |
TOP OF THE 4TH |
Chicago (NYP) White Sox batting - Pitching for Connecticut Tigers : RHP Chris Wilkerson
|
Batting: RHB Tony Garcia
|
0-0: Ball 1-0: Ball 2-0: Foul Ball, location: 2F 2-1: Ball 3-1: Base on Balls
|
Batting: RHB Tyrell Camp
|
0-0: Foul Ball, location: 2F 0-1: Ball 1-1: Ball 2-1: Fly out, F8 (Flyball, 8LXD, EV 100.6 MPH)
|
Batting: SHB Andres Agudo
|
0-0: Ball 1-0: Swinging Strike 1-1: Grounds into double play, 4-6-3 (Groundball, 34S, EV 86.9 MPH)
|
Top of the 4th over - 0 runs, 0 hits, 0 errors, 0 left on base; Chicago (NYP) 0 - Connecticut 2 |
BOTTOM OF THE 4TH |
Connecticut Tigers batting - Pitching for Chicago (NYP) White Sox : LHP Dan Clausing
|
Batting: RHB Jordan Hall
|
0-0: Ball 1-0: Foul Ball, location: 2F 1-1: Swinging Strike 1-2: Strikes out looking
|
Batting: RHB Yankel Pensak
|
0-0: Ball 1-0: Ball 2-0: DOUBLE (Flyball, 8RXD, EV 110.0 MPH)
|
Batting: RHB Kaleb Yerger
|
0-0: Ball 1-0: Foul Ball, location: 2F 1-1: SINGLE (Groundball, 4D, EV 105.6 MPH) Yankel Pensak to third Runner from 3rd tries for Home, SAFE, throw by CF to home
|
Now in CF: Bastiaan Leenders
|
|
Now in RF: Daniel Lopez
|
|
Batting: SHB Ian Arlotta
|
0-0: Ball 1-0: Fly out, F3 (Line Drive, 34, EV 66.9 MPH) Lined into DP, U3 (Line Drive, 34, EV 68.8 MPH)
|
Bottom of the 4th over - 1 run, 2 hits, 0 errors, 0 left on base; Chicago (NYP) 0 - Connecticut 3 |
TOP OF THE 5TH |
Chicago (NYP) White Sox batting - Pitching for Connecticut Tigers : RHP Chris Wilkerson
|
Batting: RHB Yorkis Saiki
|
0-0: Called Strike 0-1: Hit by Pitch
|
Batting: RHB Kunimatsu Oya
|
0-0: Fly out, F7 (Flyball, 7, EV 90.6 MPH)
|
Batting: SHB Noah Long
|
0-0: Fly out, F8 (Flyball, 78M, EV 86.2 MPH)
|
Batting: SHB Tomas Caldera
|
0-0: Called Strike 0-1: Ball 1-1: Ball 2-1: Ball 3-1: Called Strike 3-2: Foul Ball, location: 2F 3-2: Fly out, F8 (Flyball, 8RXD, EV 96.2 MPH)
|
Top of the 5th over - 0 runs, 0 hits, 0 errors, 1 left on base; Chicago (NYP) 0 - Connecticut 3 |
BOTTOM OF THE 5TH |
Connecticut Tigers batting - Pitching for Chicago (NYP) White Sox : LHP Dan Clausing
|
Batting: RHB Janne Vihko
|
0-0: Ball 1-0: Ball 2-0: Called Strike 2-1: Ground out 5-3 (Groundball, 56, EV 103.1 MPH)
|
Batting: LHB Antonio Luis
|
0-0: Ball 1-0: Ball 2-0: Called Strike 2-1: Ground out 6-3 (Groundball, 6, EV 105.6 MPH)
|
Batting: RHB Jaden Warrior
|
0-0: Called Strike 0-1: SINGLE (Groundball, 4D, EV 110.6 MPH)
|
Batting: RHB Zack DiCicco
|
0-0: Called Strike 0-1: Ball 1-1: Foul Ball, location: 2F 1-2: Ball 2-2: Foul Ball, location: 2F 2-2: Ball 3-2: Base on Balls Jaden Warrior to second
|
Batting: RHB Juan Acero
|
0-0: Ball 1-0: Ball 2-0: Swinging Strike 2-1: Foul Ball, location: 2F 2-2: Ball 3-2: Base on Balls Jaden Warrior to third Zack DiCicco to second
|
Batting: RHB Jordan Hall
|
0-0: Ball 1-0: Called Strike 1-1: Swinging Strike 1-2: Strikes out looking
|
Bottom of the 5th over - 0 runs, 1 hit, 0 errors, 3 left on base; Chicago (NYP) 0 - Connecticut 3 |
TOP OF THE 6TH |
Chicago (NYP) White Sox batting - Pitching for Connecticut Tigers : RHP Chris Wilkerson
|
Pitching: RHP Ramiro Silva
|
|
Batting: RHB Bastiaan Leenders
|
0-0: Swinging Strike 0-1: Ball 1-1: Ball 2-1: Called Strike 2-2: Foul Ball, location: 2F 2-2: Ground out 3-1 (Groundball, 34, EV 103.8 MPH)
|
Batting: SHB Veit Geisler
|
0-0: Called Strike 0-1: Called Strike 0-2: SINGLE (Flyball, 34D, EV 90.6 MPH)
|
Batting: RHB Tony Garcia
|
0-0: Foul Ball, location: 2F 0-1: Ground out 4-3 (Groundball, 4, EV 83.8 MPH) Veit Geisler to second
|
Batting: RHB Tyrell Camp
|
0-0: Ball Wild Pitch! Veit Geisler to third 1-0: Ball 2-0: Ball 3-0: Base on Balls
|
Batting: LHB Daniel Lopez
|
0-0: Called Strike 0-1: Ball 1-1: SINGLE (Groundball, 34D, EV 95.0 MPH) Veit Geisler scores Tyrell Camp to second Runner from 2nd tries for 3rd, SAFE, throw by RF made to third
|
Batting: RHB Yorkis Saiki
|
0-0: SINGLE (Groundball, 6D, EV 106.9 MPH) Tyrell Camp scores Daniel Lopez to second
|
Batting: RHB Kunimatsu Oya
|
0-0: Ball 1-0: Fielders Choice at 2nd, 4-6 (Groundball, 6M, EV 105.6 MPH)
|
Top of the 6th over - 2 runs, 3 hits, 0 errors, 2 left on base; Chicago (NYP) 2 - Connecticut 3 |
BOTTOM OF THE 6TH |
Connecticut Tigers batting - Pitching for Chicago (NYP) White Sox : LHP Dan Clausing
|
Batting: RHB Yankel Pensak
|
0-0: Swinging Strike 0-1: SINGLE (Groundball, 6MS, EV 91.9 MPH) (infield hit)
|
Batting: RHB Kaleb Yerger
|
0-0: Swinging Strike 0-1: Ball 1-1: Called Strike 1-2: Strikes out swinging
|
Batting: SHB Ian Arlotta
|
0-0: Ball 1-0: Foul Ball, location: 2F 1-1: Ball 2-1: Foul Ball, location: 2F 2-2: Strikes out swinging
|
Batting: RHB Janne Vihko
|
0-0: Ball 1-0: Fly out, F8 (Line Drive, 8RM, EV 92.5 MPH)
|
Bottom of the 6th over - 0 runs, 1 hit, 0 errors, 1 left on base; Chicago (NYP) 2 - Connecticut 3 |
TOP OF THE 7TH |
Chicago (NYP) White Sox batting - Pitching for Connecticut Tigers : RHP Ramiro Silva
|
Now at 3B: Zach Rose
|
|
Batting: SHB Noah Long
|
0-0: Foul Ball, location: 2F 0-1: Swinging Strike 0-2: Strikes out looking
|
Batting: SHB Tomas Caldera
|
0-0: Called Strike 0-1: Fly out, F8 (Flyball, 8LM, EV 90.0 MPH)
|
Batting: RHB Bastiaan Leenders
|
0-0: Ball 1-0: Called Strike 1-1: Swinging Strike 1-2: Ball 2-2: Ball 3-2: Strikes out looking
|
Top of the 7th over - 0 runs, 0 hits, 0 errors, 0 left on base; Chicago (NYP) 2 - Connecticut 3 |
BOTTOM OF THE 7TH |
Connecticut Tigers batting - Pitching for Chicago (NYP) White Sox : LHP Dan Clausing
|
Pitching: LHP Marquise Barretti
|
|
Batting: LHB Antonio Luis
|
0-0: Ground out 6-3 (Groundball, 6, EV 83.1 MPH)
|
Batting: RHB Jaden Warrior
|
0-0: Ball 1-0: Swinging Strike 1-1: Called Strike 1-2: Ground out 5-3 (Groundball, 56, EV 88.8 MPH)
|
Batting: RHB Zack DiCicco
|
0-0: Ball 1-0: Foul Ball, location: 2F 1-1: Ball 2-1: Ball 3-1: Foul Ball, location: 2F 3-2: Foul Ball, location: 2F 3-2: Hit by Pitch
|
Batting: RHB Juan Acero
|
0-0: Fielders Choice at 2nd, 5-4 (Groundball, 56, EV 88.8 MPH)
|
Bottom of the 7th over - 0 runs, 0 hits, 0 errors, 1 left on base; Chicago (NYP) 2 - Connecticut 3 |
TOP OF THE 8TH |
Chicago (NYP) White Sox batting - Pitching for Connecticut Tigers : RHP Ramiro Silva
|
Pitching: LHP Victor Villarreal
|
|
Now at 1B: Tony Nunez
|
|
Batting: SHB Veit Geisler
|
0-0: Ground out 6-3 (Groundball, 6, EV 108.1 MPH)
|
Batting: RHB Tony Garcia
|
0-0: Called Strike 0-1: Called Strike 0-2: Ball 1-2: Foul Ball, location: 2F 1-2: Strikes out swinging
|
Batting: RHB Tyrell Camp
|
0-0: Fly out, F5 (Popup, 5SF, EV 83.8 MPH)
|
Top of the 8th over - 0 runs, 0 hits, 0 errors, 0 left on base; Chicago (NYP) 2 - Connecticut 3 |
BOTTOM OF THE 8TH |
Connecticut Tigers batting - Pitching for Chicago (NYP) White Sox : LHP Marquise Barretti
|
Batting: LHB Zach Rose
|
0-0: Ball 1-0: Ground out 4-3 (Groundball, 4, EV 96.9 MPH)
|
Batting: RHB Yankel Pensak
|
0-0: Ball 1-0: Ball 2-0: Foul Ball, location: 2F 2-1: Ball 3-1: Called Strike 3-2: Base on Balls
|
Batting: RHB Kaleb Yerger
|
0-0: Foul Ball, location: 2F 0-1: Ball 1-1: Ball 2-1: SINGLE (Groundball, 5D, EV 108.8 MPH) Yankel Pensak to second
|
Batting: SHB Ian Arlotta
|
0-0: Foul Ball, location: 2F 0-1: Grounds into double play, 6-4-3 (Groundball, 6, EV 108.8 MPH)
|
Bottom of the 8th over - 0 runs, 1 hit, 0 errors, 1 left on base; Chicago (NYP) 2 - Connecticut 3 |
TOP OF THE 9TH |
Chicago (NYP) White Sox batting - Pitching for Connecticut Tigers : LHP Victor Villarreal
|
Pinch Hitting: RHB Jake Feinstein
|
0-0: Swinging Strike 0-1: Foul Ball, location: 2F 0-2: Strikes out looking
|
Batting: RHB Yorkis Saiki
|
0-0: Ball 1-0: Foul Ball, location: 2F 1-1: Ball 2-1: Fly out, F4 (Line Drive, 4D, EV 68.1 MPH)
|
Batting: RHB Kunimatsu Oya
|
0-0: Ball 1-0: Ground out 6-3 (Groundball, 56, EV 87.5 MPH)
|
Top of the 9th over - 0 runs, 0 hits, 0 errors, 0 left on base; Chicago (NYP) 2 - Connecticut 3 |
|